 Dungeon Crawl Stone Soup version 0.25-a0-388-g41a7e554cb (webtiles) character file.

Game seed: 17778526008743694081, levelgen mode: deterministic

264817 FessEmpty the Spry (level 19, -17/161 HPs)
             Began as a Pale Draconian Artificer on Jan 7, 2020.
             Was the Champion of Cheibriados.
             Shot with an arrow by a deep elf master archer (46 damage)
             ... on level 3 of the Elven Halls on Jan 8, 2020.
             The game lasted 03:48:32 (41792 turns).

FessEmpty the Spry (Pale Draconian Artificer)      Turns: 41792, Time: 03:48:33

Health: -17/161    AC: 18    Str: 37    XL:     19   Next: 28%
Magic:  38/46      EV: 38    Int: 31    God:    Cheibriados [******]
Gold:   2846       SH:  4    Dex: 30    Spells: 24/47 levels left

rFire    + . .     SeeInvis .   r - +9 quarterstaff "Jellyslayer" {crush, Str+2}
rCold    + + .     Gourm    .   (shield currently unavailable)
rNeg     . . .     Faith    .   (armour unavailable)
rPois    .         Spirit   .   S - +2 hat {MR+}
rElec    +         Reflect  +   y - scarf {rC+ rF+}
rCorr    .         Harm     .   O - +2 pair of gloves
MR       ++...                  z - +2 pair of boots
Stlth    +++.......             U - +4 amulet of reflection
HPRegen  0.36/turn              v - +5 ring of evasion {=R}
MPRegen  0.30/turn              G - ring "Xadyf" {*Slow rElec rC+ MP+9 Str+5}

@: very slow
A: breathe steam, unfitting armour, cold-blooded, AC +10
}: 2/15 runes: barnacled, gossamer
a: Breathe Steam, Bend Time, Temporal Distortion, Slouch, Step From Time,
Renounce Religion


You were on level 3 of the Elven Halls.
You worshipped Cheibriados.
Cheibriados was exalted by your worship.
You were not hungry.

You visited 7 branches of the dungeon, and saw 33 of its levels.
You visited 1 bazaar.
You also visited: Sewer, Gauntlet and Ice Cave.

You collected 4961 gold pieces.
You spent 2115 gold pieces at shops.

Inventory:

Hand Weapons
 r - the +9 quarterstaff "Jellyslayer" (weapon) {crush, Str+2}
   (You found it on level 4 of the Dungeon)

   It inflicts extra damage upon your enemies.
   It affects your strength (+2).
 u - the +7 arbalest "Ziqatig" {velocity, MR++ Str+2 Int+5 Stlth-}
   (You found it on level 13 of the Dungeon)

   Any bolt fired from it inflicts extra damage.
   It affects your strength (+2).
   It affects your intelligence (+5).
   It affects your resistance to hostile enchantments.
   It makes you less stealthy.
Armour
 g - a +1 cloak of invisibility
 y - a scarf of resistance (worn)
 z - a +2 pair of boots (worn)
 J - a +1 buckler of fire resistance
 O - a +2 pair of gloves (worn)
 R - a +1 cloak of poison resistance
 S - a +2 hat of magic resistance (worn)
Magical Staves
 Q - an uncursed staff of conjuration
Jewellery
 a - an uncursed ring of fire
 n - an uncursed ring of ice
 v - a +5 ring of evasion (left hand) {=R}
 G - the ring "Xadyf" (right hand) {*Slow rElec rC+ MP+9 Str+5}
   (You acquired it on level 4 of the Spider Nest)

   [ring of protection from cold]

   It affects your strength (+5).
   It protects you from cold.
   It insulates you from electricity.
   It affects your magic capacity (+9).
   It may slow you when you take damage.
 H - an uncursed amulet of the acrobat
 I - an uncursed ring of fire
 L - the ring of the Past {+Inv AC+2 Int+4 Dex-3}
   (You took it off a deep elf high priest on level 3 of the Elven Halls)

   [ring of protection]

   It affects your AC (+2).
   It affects your intelligence (+4).
   It affects your dexterity (-3).
   It lets you turn invisible.
 M - the ring of Xom's Absentmindedness {Wiz rC- Str+2 Int+4 SInv}
   (You bought it in a shop on level 2 of the Orcish Mines)

   [ring of wizardry]

   It improves your spell success rate.
   It affects your strength (+2).
   It affects your intelligence (+4).
   It makes you vulnerable to cold.
   It lets you see invisible.
 U - a +4 amulet of reflection (around neck)
 W - a +5 ring of evasion
 X - an uncursed ring of stealth
 Y - the amulet of Egudup {Reflect Str+3 Dex+4 SH+4}
   (You took it off a deep elf blademaster on level 3 of the Elven Halls)

   [amulet of reflection]

   It shields you and reflects attacks.
   It affects your strength (+3).
   It affects your dexterity (+4).
   It affects your SH (+4).
 Z - an uncursed amulet of the gourmand
Wands
 c - a wand of enslavement (24)
 d - a wand of digging (6)
 o - a wand of acid (14)
 C - a wand of clouds (5)
 F - a wand of paralysis (37)
 K - a wand of iceblast (38)
Scrolls
 e - 17 scrolls of remove curse
 h - 9 scrolls of enchant armour
 i - 5 scrolls of immolation
 j - 4 scrolls of magic mapping
 l - 12 scrolls of teleportation
 q - 4 scrolls of amnesia
 s - 3 scrolls of fog
 t - 4 scrolls of fear
 V - 4 scrolls of summoning
Potions
 b - a potion of flight
 k - 4 potions of agility
 m - 2 potions of might
 p - 4 potions of cancellation
 w - 8 potions of curing
 x - 7 potions of ambrosia
 A - 4 potions of invisibility
 B - 6 potions of mutation
 D - a potion of resistance
 E - a potion of brilliance {unknown}
 N - 3 potions of magic
 T - 3 potions of heal wounds
Miscellaneous
 P - a phial of floods
Comestibles
 f - 34 rations


   Skills:
 - Level 12.3 Fighting
   Level 1.0 Short Blades
 - Level 13.8 Staves
 + Level 18.9 Dodging
 - Level 0.8 Stealth
 + Level 14.6 Spellcasting
 - Level 7.1 Necromancy
 - Level 7.1 Translocations
 - Level 5.2 Earth Magic
 - Level 10.3 Invocations
 - Level 7.5 Evocations


You had 24 spell levels left.
You knew the following spells:

 Your Spells              Type           Power        Failure   Level  Hunger
a - Borgnjor's Vile Clut  Necr/Erth      ######....   4%          5    None
b - Passage of Golubria   Tloc           N/A          1%          4    None
c - Blink                 Tloc           N/A          1%          2    None
d - Lesser Beckoning      Tloc           ######....   1%          3    None
e - Gell's Gravitas       Tloc           ######....   1%          3    None
f - Death Channel         Necr           ######....   17%         6    ###....

Your spell library contained the following spells:

 Spells                   Type           Power        Failure   Level  Hunger
 Corona                   Hex            ###....      1%          1    None
 Infusion                 Chrm           ###.         1%          1    None
 Sting                    Tmut/Pois      ###.         1%          1    None
 Summon Butterflies       Summ           ###.....     1%          1    None
 Shroud of Golubria       Chrm/Tloc      #####.       1%          2    None
 Portal Projectile        Hex/Tloc       #####.       1%          3    None
 Recall                   Summ/Tloc      N/A          1%          3    None
 Teleport Other           Tloc           ######..     1%          3    None
 Animate Dead             Necr           N/A          1%          4    None
 Ensorcelled Hibernation  Hex/Ice        ###...       3%          2    None
 Song of Slaying          Chrm           ###.....     3%          2    None
 Call Canine Familiar     Summ           ###.....     6%          3    None
 Confuse                  Hex            ###.....     6%          3    None
 Dazzling Flash           Conj/Hex       ###...       6%          3    None
 Ignite Poison            Fire/Tmut/Pois ###.....     6%          3    None
 Ozocubu's Armour         Chrm/Ice       ###.....     6%          3    None
 Spectral Weapon          Hex/Chrm       ###.....     6%          3    None
 Spider Form              Tmut/Pois      ###.......   6%          3    None
 Static Discharge         Conj/Air       ###.....     6%          3    None
 Tukima's Dance           Hex            ###.....     6%          3    None
 Summon Ice Beast         Ice/Summ       ###.....     21%         4    None
 Summon Mana Viper        Hex/Summ       ###.....     50%         5    None
 Simulacrum               Ice/Necr       #####.....   58%         6    ###....
 Haunt                    Necr/Summ      #####.....   99%         7    #####..
 Orb of Destruction       Conj           ###.......   100%        7    #####..
 Ring of Flames           Chrm/Fire      ###.......   100%        7    #####..
 Summon Hydra             Summ           ###.......   100%        7    #####..
 Borgnjor's Revivificati  Necr           ######....   100%        8    ######.
 Death's Door             Chrm/Necr      #####.....   100%        8    ######.
 Infestation              Necr           ######....   100%        8    ######.
 Necromutation            Tmut/Necr      #####.....   100%        8    ######.


Dungeon Overview and Level Annotations

Branches:
Dungeon (13/15)            Temple (1/1) D:6            Lair (6/6) D:8
 Shoals (4/4) Lair:4       Spider (4/4) Lair:4        Slime (0/5) Lair:6
    Orc (2/2) D:11            Elf (3/3) Orc:2        Vaults (0/5) D:13
  Sewer (visited)           IceCv (visited)         Gauntlet (visited)

Altars:
Ashenzari
Cheibriados
Dithmenos
Elyvilon
Fedhas
Gozag
Hepliaklqana
Kikubaaqudgha
Makhleb
Nemelex Xobeh
Okawaru
Qazlal
Ru
Trog
Uskayaw
Vehumet
Wu Jian
Xom
Yredelemnul
Zin
The Shining One
Beogh
Jiyva

Shops:
D:13 !*:(?   Orc:2 *}*(   Elf:3 *   Shoals:1 }

Annotations:
D:3 1 exclusion, Jessica
D:6 2 transporters, exclusion: angel, Grizz's ghost, novice MiFi
D:7 2 transporters, semitonal's ghost, novice NaNe
Lair:3 3 runed translucent doors, exclusion: 2 oklob plants, Acyr Nudi's ghost, journeyman DsFi
Lair:5 exclusion: oklob plant


Innate Abilities, Weirdness & Mutations

You can breathe blasts of scalding, opaque steam.
Your pale cyan-grey scales are hard. (AC +10)
You cannot fit into any form of body armour.
You are cold-blooded and may be slowed by cold attacks.


Message History

You barely miss the deep elf annihilator.
The deep elf annihilator is moderately wounded.
Your spectral deep elf elementalist hits the deep elf annihilator but does no damage.
You hit the deep elf annihilator.
The deep elf annihilator is heavily wounded.
The deep elf annihilator gestures at you while chanting.
The iron shot hits you!!
Your spectral deep elf high priest hits the deep elf annihilator but does no damage.
Your spectral deep elf elementalist hits the deep elf annihilator but does no damage.
You sock the deep elf annihilator!
You tail-slap the deep elf annihilator, but do no damage.
The deep elf annihilator is severely wounded.
The deep elf annihilator completely misses you.
You hit the deep elf annihilator. You tail-slap the deep elf annihilator.
The deep elf annihilator is severely wounded.
Your spectral deep elf high priest hits the deep elf annihilator but does no damage.
Your spectral deep elf elementalist hits the deep elf annihilator but does no damage.
You bludgeon the deep elf annihilator!!
You kill the deep elf annihilator!
Cheibriados thoroughly appreciates the change of pace.
A glowing mist starts to gather...
Things that are here:
a +0 long sword; a +0 scale mail You swap places.
You see here a +0 long sword of electrocution.
Your unholy channel is weakening.
Your unholy channel expires.
There is an open door here.
A deep elf death mage comes into view. It is wielding a +0 short sword.
A deep elf master archer comes into view.
The deep elf death mage shouts!
You hear a shout!
Casting: Lesser Beckoning (safe; 1% risk of failure)
Confirm with . or Enter, or press ? or * to list all spells.
Aiming: Lesser Beckoning (safe; 1% risk of failure)
Press: ? - help, Shift-Dir - straight line, f - deep elf death mage
Aim: a deep elf death mage, wielding a +0 short sword and wearing a +0 leather armour The deep elf death mage hurls suddenly forward!
The deep elf death mage closely misses you.
You bludgeon the deep elf death mage!!
The deep elf death mage is moderately wounded.
You bludgeon the deep elf death mage!! You tail-slap the deep elf death mage.
The deep elf death mage is almost dead.
You hear a shout!
The deep elf death mage is infused with unholy energy.
The deep elf death mage draws life force from you and is healed!
Your spectral deep elf elementalist hits the deep elf death mage.
You hit the deep elf death mage. You tail-slap the deep elf death mage.
The deep elf death mage is almost dead.
The deep elf death mage casts a spell at you.
The bolt of negative energy misses you.
You sock the deep elf death mage!
You kill the deep elf death mage!
Cheibriados appreciates the change of pace.
Casting: Lesser Beckoning (safe; 1% risk of failure)
Confirm with . or Enter, or press ? or * to list all spells.
Aiming: Lesser Beckoning (safe; 1% risk of failure)
Press: ? - help, Shift-Dir - straight line, f - deep elf master archer
Aim: a deep elf master archer, wearing a +0 leather armour and quivering 38 arrows The deep elf master archer hurls suddenly forward!
A deep elf blademaster comes into view.
It is wielding two +0 short swords and wearing a +2 leather armour of cold resistance.
You miss the deep elf blademaster.
The deep elf blademaster hits you with a +0 short sword.
The deep elf blademaster completely misses you.
Your spectral deep elf elementalist completely misses the deep elf blademaster.
You barely miss the deep elf blademaster.
You tail-slap the deep elf blademaster!
The deep elf blademaster is lightly wounded.
The deep elf blademaster hits you with a +0 short sword.
The deep elf blademaster hits you with a +0 short sword!
You hit the deep elf blademaster.
The deep elf blademaster is lightly wounded.
Your spectral deep elf elementalist hits the deep elf blademaster.
The deep elf blademaster hits your spectral deep elf elementalist with a +0 short sword!!
The deep elf blademaster barely misses your spectral deep elf elementalist.
You barely miss the deep elf blademaster.
The deep elf blademaster is lightly wounded.
You sock the deep elf blademaster!
Your tail-slap misses the deep elf blademaster.
The deep elf blademaster is moderately wounded.
The deep elf blademaster hits your spectral deep elf elementalist with a +0 short sword.
The deep elf blademaster hits your spectral deep elf elementalist with a +0 short sword!
Your spectral deep elf elementalist hits the deep elf blademaster.
You hit the deep elf blademaster but do no damage.
The deep elf blademaster is moderately wounded.
You block the deep elf blademaster's attack.
The deep elf blademaster completely misses you.
Your spectral deep elf elementalist hits the deep elf blademaster but does no damage.
You hit the deep elf blademaster.
Your tail-slap misses the deep elf blademaster.
The deep elf blademaster is moderately wounded.
The deep elf blademaster hits you with a +0 short sword! x2
Your spectral deep elf high priest hits the deep elf blademaster!
Your spectral deep elf annihilator hits the deep elf blademaster.
The deep elf blademaster completely misses you.
The deep elf blademaster hits you with a +0 short sword!
Your spectral deep elf elementalist closely misses the deep elf blademaster.
Your spectral deep elf high priest hits the deep elf blademaster.
Your spectral deep elf annihilator hits the deep elf blademaster.
Your spectral deep elf annihilator drains the deep elf blademaster.
Your spectral deep elf elementalist closely misses the deep elf blademaster.
The deep elf blademaster hits your spectral deep elf high priest with a +0 short sword!! x2
You are too injured to fight recklessly!
The flow of time bends around you.
Cheibriados rebukes the deep elf blademaster.
The deep elf blademaster seems to slow down.
Cheibriados rebukes your spectral deep elf high priest.
Your spectral deep elf high priest seems to slow down.
You are starving!
Your spectral deep elf elementalist hits the deep elf blademaster.
Your spectral deep elf annihilator hits the deep elf blademaster.
The deep elf blademaster hits your spectral deep elf elementalist with a +0 short sword! x2
Your spectral deep elf high priest hits the deep elf blademaster.
The deep elf master archer barely misses your spectral deep elf elementalist.
You miss the deep elf blademaster.
Your tail-slap misses the deep elf blademaster.
The deep elf blademaster is heavily wounded.
Your spectral deep elf elementalist hits the deep elf blademaster but does no damage.
The deep elf blademaster hits you with a +0 short sword! x2
Your spectral deep elf annihilator completely misses the deep elf blademaster.
You bludgeon the deep elf blademaster!!
Your tail-slap misses the deep elf blademaster.
The deep elf blademaster is severely wounded.
Your spectral deep elf high priest hits the deep elf blademaster but does no damage.
The deep elf master archer hits your spectral deep elf elementalist!
Your spectral deep elf annihilator hits the deep elf blademaster.
Your spectral deep elf elementalist barely misses the deep elf master archer.
The deep elf blademaster hits your spectral deep elf high priest with a +0 short sword! x2
You bludgeon the deep elf blademaster!!
You kill the deep elf blademaster!
Cheibriados appreciates the change of pace.
You don't have the energy to cast that spell.
You eat one of the 35 rations.
That ration really hit the spot!
The deep elf master archer wields a +4 longbow.
The deep elf master archer shoots an arrow.
The arrow completely misses you.
Your spectral deep elf elementalist misses the deep elf master archer.
The deep elf master archer shoots an arrow.
The arrow hits your spectral deep elf annihilator!!
Your spectral deep elf elementalist hits the deep elf master archer but does no damage.
The deep elf master archer shoots an arrow.
The arrow hits your spectral deep elf annihilator!
The deep elf master archer shoots an arrow.
The arrow hits your spectral deep elf annihilator!!
Your spectral deep elf elementalist hits the deep elf master archer.
The deep elf master archer shoots an arrow.
The arrow hits your spectral deep elf annihilator!!
Your spectral deep elf annihilator is destroyed!
Casting: Lesser Beckoning (safe; 1% risk of failure)
Confirm with . or Enter, or press ? or * to list all spells.
Aiming: Lesser Beckoning (safe; 1% risk of failure)
Press: ? - help, Shift-Dir - straight line, f/p - deep elf master archer
Aim: a deep elf master archer, wielding a +4 longbow, wearing a +0 leather armour and quivering 33 arrows (lightly wounded)
The deep elf master archer hurls suddenly forward!
Your spectral deep elf elementalist closely misses the deep elf master archer.
The deep elf master archer shoots an arrow.
The arrow completely misses you. The flow of time bends around you.
Cheibriados rebukes the deep elf master archer.
The deep elf master archer seems to slow down.
Cheibriados rebukes your spectral deep elf high priest.
Your spectral deep elf high priest seems to slow down.
You feel slightly more hungry.
Your spectral deep elf elementalist hits the deep elf master archer.
The deep elf master archer shoots an arrow.
The arrow closely misses you.
You barely miss the deep elf master archer.
Your tail-slap misses the deep elf master archer.
The deep elf master archer is lightly wounded.
Your spectral deep elf elementalist hits the deep elf master archer but does no damage.
The deep elf master archer shoots an arrow.
The arrow closely misses you.
Your spectral deep elf high priest closely misses the deep elf master archer.
You thump the deep elf master archer!
The deep elf master archer is moderately wounded.
The deep elf master archer shoots an arrow.
The arrow hits you!!
* * * LOW HITPOINT WARNING * * *
You feel much better.
Your spectral deep elf elementalist hits the deep elf master archer!
Your spectral deep elf elementalist drains the deep elf master archer.
The deep elf master archer shoots an arrow.
The arrow misses you.
Your spectral deep elf high priest misses the deep elf master archer.
You barely miss the deep elf master archer.
The deep elf master archer is moderately wounded.
Your spectral deep elf elementalist hits the deep elf master archer.
You bludgeon the deep elf master archer!!
Your tail-slap misses the deep elf master archer.
The deep elf master archer is almost dead.
The deep elf master archer shoots an arrow.
The arrow hits you!!!
* * * LOW HITPOINT WARNING * * *
Your spectral deep elf elementalist hits the deep elf master archer.
You miss the deep elf master archer.
You tail-slap the deep elf master archer, but do no damage.
The deep elf master archer is almost dead.
Your spectral deep elf high priest barely misses the deep elf master archer.
The deep elf master archer shoots an arrow.
The arrow hits you!!!
You die... #≈)# #.^.#.........# #≈≈# #...#.........# #≈≈# ####### #...#.........# #..# [):}%): #...'.........# #..# ..(|.)| #...#.........# #..# :))%[

#...#.........# #..# |(:
#...########### #.)#
#)####.............. ####))######
#Ze@##.............. ..≈≈).≈≈...#
#.Z.##..............
..≈≈).≈≈...###...##...###########
..≈≈..≈≈.....###.##...#.........#
..≈≈..≈≈...#.# #.##...#.........#
####..######.###.##.).#.........#
..............##.##...#........=#
...............#.##...#.........#
...⌠..⌠.......Z'.##...#.........'


You could see a deep elf master archer, a friendly spectral deep elf high priest
and a friendly spectral deep elf elementalist.

Vanquished Creatures
  Bai Suzhen (Shoals:3)
  Jorgrun (Shoals:3)
  2 deep elf blademasters (Elf:3)
  Polyphemus (Shoals:2)
  Donald (Elf:2)
  Ilsuiw (Shoals:3)
  2 orc warlords (Orc:2)
  6 ghost moths
  A frost giant (D:13)
  Louise (Spider:1)
  A deep elf sorcerer (Elf:3)
  A stone giant (Orc:2)
  3 emperor scorpions
  An ironheart preserver (D:13)
  2 deep elf elementalists (Elf:3)
  7 entropy weavers
  Nessos (Lair:4)
  4 deep elf demonologists (Elf:3)
  5 deep elf annihilators
  A minotaur (Gauntlet)
  3 deep elf death magi
  3 merfolk javelineers
  4 spark wasps
  An ettin (Orc:1)
  4 merfolk impalers
  Josephine (Orc:2)
  2 deep elf high priests (Elf:3)
  9 hydras
  A catoblepas (Shoals:2)
  A centaur warrior (D:13)
  4 merfolk aquamancers (Shoals:4)
  8 merfolk avatars
  27 dancing weapons
  Erica (D:8)
  A satyr (Shoals:2)
  2 death scarabs (Gauntlet)
  A queen ant (Spider:4)
  6 death yaks
  A tengu warrior (Gauntlet)
  4 two-headed ogres
  A deep troll earth mage (D:13)
  4 orc high priests (Orc:2)
  8 deep elf knights
  Sonja (Orc:2)
  2 unseen horrors
  A spectral death yak (Gauntlet)
  12 sea snakes
  A spectral hydra (Gauntlet)
  4 deep elf archers
  12 harpies
  A necromancer (IceCv)
  6 orc knights (Orc:2)
  5 orc sorcerers
  3 ugly things
  46 deep elf magi
  8 fauns (Shoals:1)
  15 orb spiders
  27 wolf spiders
  3 cyclopes
  5 elephants
  3 moths of wrath
  15 manticores
  A water nymph (Shoals:4)
  4 ice statues (IceCv)
  10 merfolk sirens
  5 black mambas
  Joseph (D:10)
  Maggie (D:11)
  21 spiny frogs
  A torpor snail (Spider:1)
  2 centaur skeletons
  A gargoyle (D:13)
  3 rime drakes
  A kobold demonologist (D:13)
  19 demonic crawlers
  An efreet (D:13)
  6 komodo dragons
  8 ice devils (IceCv)
  A tengu conjurer (Gauntlet)
  13 merfolk
  2 trolls
  37 jumping spiders
  3 wind drakes (Shoals:4)
  19 hornets
  3 tyrant leeches (Lair:6)
  14 blink frogs
  9 snapping turtles
  9 dream sheep
  A snapping turtle (shapeshifter) (Elf:3)
  8 hippogriffs
  2 spectral black mambas (Gauntlet)
  An air elemental (Elf:2)
  86 redbacks
  A shadow (D:12)
  47 yaks
  6 water elementals
  32 tarantellas
  6 wraiths
  3 fire elementals
  A wyvern (Lair:6)
  7 basilisks
  A steam dragon (D:13)
  10 vampire mosquitoes
  A hungry ghost (D:7)
  6 wargs
  An acid dragon (D:12)
  9 water moccasins
  9 porcupines
  8 soldier ants (Spider:4)
  44 orc warriors
  5 sky beasts
  11 ice beasts
  A necrophage (D:11)
  5 centaurs
  4 phantoms
  10 ogres
  11 wolves
  12 crocodiles
  22 bullfrogs
  4 big kobolds
  2 earth elementals (Elf:1)
  A gnoll sergeant (D:8)
  A wyvern skeleton (D:13)
  5 killer bees (D:10)
  A scorpion (D:6)
  14 wights
  6 electric eels
  A howler monkey (D:4)
  4 crimson imps
  3 bullfrog zombies
  5 draconian simulacra (IceCv)
  A centaur zombie (D:5)
  4 hounds
  2 jellies
  Crazy Yiuf (D:2)
  37 orc priests
  2 bullfrog skeletons
  22 orc wizards
  7 iguanas
  An iron imp (D:6)
  Natasha (twice) (D:3)
  A spriggan simulacrum (IceCv)
  24 worker ants
  A troll simulacrum (IceCv)
  A hound skeleton (D:7)
  3 river rats
  A worker ant zombie (D:7)
  20 adders
  8 gnolls
  2 ogre simulacra (IceCv)
  A naga simulacrum (IceCv)
  2 shadow imps
  An ooze (Sewer)
  An adder zombie (D:10)
  An adder skeleton (D:5)
  10 worms
  4 leopard geckos
  118 orcs
  14 bats
  9 giant cockroaches
  5 goblins
  6 hobgoblins
  7 jackals
  4 quokkas
  6 ball pythons
  A frilled lizard (D:2)
  19 kobolds
  A quokka skeleton (D:6)
  3 rats
  3 plants
1279 creatures vanquished.

Vanquished Creatures (collateral kills)
  A deep elf elementalist (Elf:3)
  A merfolk impaler (Shoals:4)
  A merfolk avatar (Shoals:4)
  A wolf spider (Spider:3)
  A manticore (Shoals:4)
  A merfolk siren (Shoals:3)
  A demonic crawler (Spider:3)
  3 blink frogs (Lair:6)
  A redback (Spider:3)
  2 vampire mosquitoes
  A phantom (D:10)
  2 worker ants
  2 hobgoblins (D:2)
  A frilled lizard (D:2)
19 creatures vanquished.

Vanquished Creatures (others)
  A deep elf master archer (Elf:3)
  A satyr (Shoals:3)
  2 deep elf magi
  4 wolf spiders
  A merfolk siren (Shoals:3)
  A black mamba (Lair:4)
  A rime drake (Lair:6)
  A tengu conjurer (D:13)
  A snapping turtle (Shoals:1)
  A tarantella (Spider:3)
  A yak (Lair:6)
  An orc warrior (Orc:2)
  4 fungi
  55 plants
75 creatures vanquished.

Grand Total: 1373 creatures vanquished

Notes
Turn   | Place    | Note
-------+----------+-------------------------------------------
     0 | D:1      | FessEmpty the Draconian Artificer began the quest for the
                  | Orb.
     0 | D:1      | Reached XP level 1. HP: 16/16 MP: 3/3
   567 | D:1      | Reached XP level 2. HP: 20/25 MP: 4/4
  1280 | D:2      | Reached XP level 3. HP: 31/31 MP: 5/5
  1515 | D:2      | Found a hazy altar of Hepliaklqana.
  1701 | D:2      | Reached XP level 4. HP: 32/41 MP: 6/6
  1808 | D:2      | Found a runed translucent door.
  1809 | D:2      | Noticed Crazy Yiuf
  2500 | D:2      | Killed Crazy Yiuf
  2718 | D:3      | Noticed Natasha
  2724 | D:3      | Killed Natasha
  2724 | D:3      | Reached XP level 5. HP: 43/47 MP: 7/7
  2807 | D:3      | Found a shadowy altar of Dithmenos.
  3127 | D:3      | Noticed Jessica
  3644 | D:3      | Noticed Natasha
  3710 | D:3      | Killed Natasha
  4277 | D:4      | Reached skill level 5 in Evocations
  4282 | D:4      | Reached XP level 6. HP: 44/55 MP: 7/9
  4472 | D:4      | Got an encrusted quarterstaff
  4474 | D:4      | Identified the +9 quarterstaff "Jellyslayer" {crush, Str+2}
                  | (You found it on level 4 of the Dungeon)
  4680 | D:4      | Reached skill level 1 in Staves
  4789 | D:4      | Found a glowing drain.
  4806 | Sewer    | Entered a sewer
  4964 | Sewer    | Your scales start taking on a pale cyan-grey colour.
  4964 | Sewer    | Reached XP level 7. HP: 56/60 MP: 11/11
  5357 | D:5      | Entered Level 5 of the Dungeon
  6078 | D:6      | Reached skill level 5 in Staves
  6147 | D:6      | Found a burning altar of Makhleb.
  6200 | D:6      | Found a sparkling altar of Nemelex Xobeh.
  6205 | D:6      | Reached XP level 8. HP: 65/67 MP: 13/13
  6249 | D:6      | Found a staircase to the Ecumenical Temple.
  6260 | Temple   | Entered the Ecumenical Temple
  6464 | Temple   | Became a worshipper of Cheibriados the Contemplative
  6524 | D:6      | Found a glowing silver altar of Zin.
  6526 | D:6      | Noticed an angel
  6647 | D:6      | Reached skill level 2 in Dodging
  6653 | D:6      | Identified the +5 whip of Cowardice {freeze, *Noise rElec
                  | Str+4} (You found it on level 6 of the Dungeon)
  6719 | D:6      | Reached skill level 1 in Invocations
  6726 | D:6      | Reached skill level 3 in Dodging
  6883 | D:6      | Noticed Grizz's ghost (novice MiFi)
  6916 | D:6      | Found a shimmering altar of Xom.
  6917 | D:6      | Found a transporter.
  6955 | D:6      | Found a transporter.
  7189 | D:7      | Reached * piety under Cheibriados
  7395 | D:7      | Reached skill level 4 in Dodging
  7526 | D:7      | Found a transporter.
  7535 | D:7      | Noticed semitonal's ghost (novice NaNe)
  7562 | D:7      | Found a transporter.
  7565 | D:7      | Noticed a white ugly thing
  7625 | D:7      | Reached XP level 9. HP: 14/73 MP: 12/14
  7985 | D:7      | Reached skill level 5 in Dodging
  8003 | D:7      | Reached ** piety under Cheibriados
  8310 | D:7      | Found a sacrificial altar of Ru.
  8492 | D:8      | Reached skill level 6 in Dodging
  8628 | D:8      | Noticed Erica
  8638 | D:8      | Reached skill level 5 in Invocations
  8651 | D:8      | Reached skill level 7 in Dodging
  8656 | D:8      | Killed Erica
  8656 | D:8      | Reached XP level 10. HP: 41/80 MP: 15/15
  8980 | D:8      | Reached *** piety under Cheibriados
  9156 | D:8      | Reached skill level 5 in Fighting
  9174 | D:8      | Found a staircase to the Lair.
  9322 | D:8      | Found a basalt altar of Yredelemnul.
  9332 | D:8      | Reached skill level 8 in Dodging
 10136 | D:10     | Entered Level 10 of the Dungeon
 10155 | D:10     | Reached **** piety under Cheibriados
 10223 | D:10     | Noticed Joseph
 10394 | D:10     | Killed Joseph
 10484 | D:10     | Killed an unseen horror
 10484 | D:10     | Reached skill level 9 in Dodging
 10987 | D:10     | Reached XP level 11. HP: 91/91 MP: 16/16
 11282 | D:11     | Reached ***** piety under Cheibriados
 11617 | D:11     | Noticed Maggie
 11629 | D:11     | Killed Maggie
 11671 | D:11     | Found a staircase to the Orcish Mines.
 11846 | D:11     | Noticed a six-headed hydra
 11860 | D:11     | Killed a six-headed hydra
 11992 | D:12     | Reached skill level 10 in Dodging
 11998 | D:12     | Noticed a death yak
 12000 | D:12     | Noticed a death yak
 12015 | D:12     | Killed a death yak
 12038 | D:12     | Killed a death yak
 12279 | D:12     | Noticed a cyan ugly thing
 12291 | D:12     | Killed a cyan ugly thing
 12693 | D:13     | Found Norucoty's Distillery.
 12716 | D:13     | Noticed a brown ugly thing
 12727 | D:13     | Killed a brown ugly thing
 12727 | D:13     | Reached skill level 10 in Staves
 12727 | D:13     | Reached XP level 12. HP: 82/101 MP: 18/18
 12783 | D:13     | Reached skill level 11 in Dodging
 12810 | D:13     | Noticed a seven-headed hydra
 12810 | D:13     | Noticed a centaur warrior
 12810 | D:13     | Noticed a five-headed hydra
 12814 | D:13     | Noticed a deep troll earth mage
 12814 | D:13     | Noticed a frost giant
 13128 | D:13     | Found Isadask's Magic Scroll Boutique.
 13499 | D:13     | Found Popeblaa's Weapon Boutique.
 13508 | D:13     | Found Qetzys's Book Emporium.
 13548 | D:13     | Killed a frost giant
 13579 | D:13     | Killed a centaur warrior
 13658 | D:13     | Killed a deep troll earth mage
 13687 | D:13     | Killed a seven-headed hydra
 13871 | D:13     | Got a scorched arbalest
 13920 | D:13     | Reached ****** piety under Cheibriados
 13928 | D:13     | Killed a five-headed hydra
 13928 | D:13     | Reached skill level 12 in Dodging
 14092 | D:13     | Noticed a two-headed ogre
 14102 | D:13     | Noticed an ironheart preserver
 14110 | D:13     | Killed a two-headed ogre
 14113 | D:13     | Killed an ironheart preserver
 14207 | D:13     | Found a gate to the Vaults.
 14241 | D:13     | Found Cybo Uva's General Store.
 14399 | D:13     | Learned a level 5 spell: Borgnjor's Vile Clutch
 14511 | Orc:1    | Entered Level 1 of the Orcish Mines
 14610 | Orc:1    | Reached skill level 1 in Necromancy
 14610 | Orc:1    | Reached skill level 1 in Earth Magic
 14623 | Orc:1    | Found a roughly hewn altar of Beogh.
 14757 | Orc:1    | Noticed an ettin
 14768 | Orc:1    | Killed an ettin
 14793 | Orc:1    | Reached skill level 1 in Spellcasting
 14793 | Orc:1    | Reached XP level 13. HP: 72/107 MP: 19/19
 14921 | Orc:2    | Entered Level 2 of the Orcish Mines
 15190 | Orc:2    | Paralysed by an orc sorcerer for 2 turns
 15246 | Orc:2    | Noticed Sonja
 15265 | Orc:2    | Noticed an orc warlord
 15267 | Orc:2    | Killed Sonja
 15515 | Orc:2    | Found a roughly hewn altar of Beogh.
 15534 | Orc:2    | Killed an orc warlord
 15538 | Orc:2    | Reached skill level 13 in Dodging
 15739 | Orc:2    | Found Fucuoveu's General Store.
 15868 | Orc:2    | Noticed Josephine
 15883 | Orc:2    | Killed Josephine
 16395 | Orc:2    | Found a roughly hewn altar of Beogh.
 16840 | Orc:2    | Found Zoluapho's Antique Weapon Boutique.
 16851 | Orc:2    | Found Roz Lor's Assorted Antiques.
 16851 | Orc:2    | Noticed a stone giant
 16872 | Orc:2    | Killed a stone giant
 16872 | Orc:2    | Reached skill level 5 in Necromancy
 16872 | Orc:2    | Reached skill level 5 in Earth Magic
 17161 | Orc:2    | Identified the +7 arbalest "Ziqatig" {velocity, MR++ Str+2
                  | Int+5 Stlth-} (You found it on level 13 of the Dungeon)
 17333 | Orc:2    | Found Fivvaray's Gadget Boutique.
 17582 | Orc:2    | Bought the ring of Xom's Absentmindedness {Wiz rC- Str+2
                  | Int+4 SInv} for 795 gold pieces
 17582 | Orc:2    | Bought a +2 pair of gloves for 280 gold pieces
 17626 | Orc:2    | Reached skill level 5 in Spellcasting
 17991 | Orc:2    | Found a staircase to the Elven Halls.
 18038 | Orc:2    | Noticed an orc warlord
 18048 | Orc:2    | Killed an orc warlord
 18048 | Orc:2    | Reached XP level 14. HP: 83/115 MP: 16/22
 18329 | Lair:1   | Entered Level 1 of the Lair of Beasts
 19131 | Lair:2   | Reached skill level 14 in Dodging
 19500 | Lair:2   | Got a steaming rapier
 19889 | Lair:3   | Found a frozen archway.
 19922 | IceCv    | Entered an ice cave
 20271 | IceCv    | Identified the +2 rapier of the Countless People {freeze,
                  | -Tele rElec rN+++ Int-3} (You found it on level 2 of the
                  | Lair of Beasts)
 21027 | Lair:3   | Got an iridescent scythe
 21037 | Lair:3   | HP: 5/115 [acid (17)]
 21475 | Lair:3   | Found a runed translucent gate.
 21476 | Lair:3   | Found a runed translucent gate.
 21477 | Lair:3   | Found a runed translucent gate.
 21481 | Lair:3   | Noticed Acyr Nudi's ghost (journeyman DsFi)
 21636 | Lair:4   | You fall into a shaft and drop 2 floors!
 21636 | Lair:6   | Entered Level 6 of the Lair of Beasts
 21839 | Lair:6   | Reached skill level 15 in Dodging
 22037 | Lair:5   | Found a gate leading to a gauntlet.
 22204 | Gauntlet | Entered a Gauntlet
 22204 | Gauntlet | Found a transporter.
 22204 | Gauntlet | Found a transporter.
 22225 | Gauntlet | Found a transporter.
 22226 | Gauntlet | Found a transporter.
 22233 | Gauntlet | Found a runed translucent door.
 22236 | Gauntlet | Found a transporter.
 22238 | Gauntlet | Found a transporter.
 22246 | Gauntlet | Found a transporter.
 22262 | Gauntlet | Found a transporter.
 22277 | Gauntlet | Found a transporter.
 22280 | Gauntlet | Found a transporter.
 22288 | Gauntlet | Found a transporter.
 22292 | Gauntlet | Found a transporter.
 22618 | Gauntlet | Reached XP level 15. HP: 121/121 MP: 25/28
 22652 | Gauntlet | Identified the +7 scythe "Hydra's Bane" {slice, Dex+4} (You
                  | found it on level 3 of the Lair of Beasts)
 23435 | Lair:6   | Reached skill level 10 in Spellcasting
 23840 | Lair:6   | Reached skill level 10 in Invocations
 23853 | Lair:6   | Identified the Collected Works on Boosting Orientation
 23868 | Lair:6   | Found a viscous altar of Jiyva.
 23868 | Lair:6   | Found a staircase to the Slime Pits.
 24238 | Lair:4   | Found a staircase to the Shoals.
 24397 | Lair:4   | Found a hole to the Spider Nest.
 24620 | Lair:4   | Noticed Nessos
 24640 | Lair:4   | Killed Nessos
 25113 | Lair:3   | Identified a scroll of acquirement
 25145 | Spider:1 | Entered Level 1 of the Spider Nest
 25963 | Spider:1 | Noticed Louise
 25975 | Spider:1 | Killed Louise
 27016 | Spider:2 | Noticed a ghost moth
 27032 | Spider:2 | Reached XP level 16. HP: 85/132 MP: 17/31
 27869 | Spider:3 | Reached skill level 10 in Fighting
 28252 | Spider:3 | Reached skill level 16 in Dodging
 28864 | Spider:4 | Entered Level 4 of the Spider Nest
 30206 | Spider:4 | Identified the +12 lajatang of Conformity {venom, +Inv
                  | rElec MR- Dex+6} (You acquired it on level 4 of the Spider
                  | Nest)
 30206 | Spider:4 | Identified the ring "Xadyf" {*Slow rElec rC+ MP+9 Str+5}
                  | (You acquired it on level 4 of the Spider Nest)
 30532 | Spider:4 | Reached XP level 17. HP: 63/146 MP: 27/32
 31494 | Spider:4 | Got a gossamer rune of Zot
 31830 | D:13     | Bought a book of Spatial Translocations for 1040 gold
                  | pieces
 31836 | D:13     | Learned a level 4 spell: Passage of Golubria
 31839 | D:13     | Learned a level 2 spell: Blink
 31843 | D:13     | Learned a level 3 spell: Lesser Beckoning
 31847 | D:13     | Learned a level 3 spell: Gell's Gravitas
 31854 | D:13     | Learned a level 6 spell: Death Channel
 32141 | Shoals:1 | Entered Level 1 of the Shoals
 32174 | Shoals:1 | Reached skill level 1 in Translocations
 32455 | Shoals:1 | Found Sequegih's Gadget Shop.
 32725 | Shoals:1 | Reached skill level 17 in Dodging
 33235 | Shoals:2 | Noticed Polyphemus
 33305 | Shoals:2 | Killed Polyphemus
 33566 | Shoals:2 | Reached skill level 5 in Translocations
 34026 | Shoals:3 | Found a gateway to a bazaar.
 34027 | Shoals:3 | Noticed Ilsuiw
 34052 | Shoals:3 | Killed Ilsuiw
 34066 | Bazaar   | Entered a bazaar
 34084 | Bazaar   | Found Oreuhaniss's Book Emporium.
 34102 | Bazaar   | Found Feol Tyrr's Book Emporium.
 34102 | Bazaar   | Found Awkuagipp's Armour Shoppe.
 34124 | Bazaar   | Found Mefib's Antique Weapon Shoppe.
 34347 | Shoals:3 | Noticed Jorgrun
 34359 | Shoals:3 | Killed Jorgrun
 34472 | Shoals:3 | Noticed Bai Suzhen
 34494 | Shoals:3 | Killed Bai Suzhen
 34519 | Shoals:4 | Entered Level 4 of the Shoals
 34588 | Shoals:4 | HP: 3/147 [drowned by a drowned soul[a merfolk avatar]
                  | (12)]
 35336 | Shoals:4 | Reached XP level 18. HP: 84/155 MP: 15/34
 35557 | Shoals:4 | Got a barnacled rune of Zot
 36304 | Shoals:4 | Identified Anunocuf's Compendium of the Entourage and
                  | Envenoming
 36630 | Shoals:4 | Got a steaming pewter amulet
 37089 | Elf:1    | Entered Level 1 of the Elven Halls
 37240 | Elf:1    | Identified the Incunabulum of Confrontation
 37263 | Elf:1    | Identified the +4 lajatang of Untruth {antimagic, Int-5
                  | Dex+7} (You acquired it on level 1 of the Elven Halls)
 37263 | Elf:1    | Identified the ring "Yxkiesh" {+Fly rF+ Int+3} (You
                  | acquired it on level 1 of the Elven Halls)
 38095 | Elf:1    | Reached skill level 18 in Dodging
 38187 | Elf:2    | Identified the amulet "Gaxeyde" {Inacc rF- Str+4 Int+4}
                  | (You found it on level 4 of the Shoals)
 38475 | Elf:2    | Found a huge runed translucent gate.
 38475 | Elf:2    | Found a huge runed translucent gate.
 38485 | Elf:2    | Found a huge runed translucent gate.
 38647 | Elf:2    | Found a huge runed translucent gate.
 38647 | Elf:2    | Found a huge runed translucent gate.
 38818 | Elf:2    | Noticed Donald
 39284 | Elf:2    | Killed Donald
 39846 | Elf:3    | Entered Level 3 of the Elven Halls
 40021 | Elf:3    | Found Xifikoku's General Store.
 40310 | Elf:3    | Reached XP level 19. HP: 148/161 MP: 37/37
 40967 | Elf:3    | Identified the +3 falchion "Caekh" {holy, Fragile rElec
                  | rC+}
 40969 | Elf:3    | Identified the ring of the Past {+Inv AC+2 Int+4 Dex-3}
 41263 | Elf:3    | Identified the amulet of Egudup {Reflect Str+3 Dex+4 SH+4}
 41550 | Elf:3    | Identified the +6 falchion "Beastslayer" {flame, Int+8}
 41764 | Elf:3    | Found the +3 Elemental Staff {rElec rF++ rC++ MR++ AC+5}
 41792 | Elf:3    | Shot with an arrow by a deep elf master archer

Levels and vault maps discovered:
D:1:      dpeg_arrival_rhombi, layout_loops_corners, serial_bayou_pond_d
D:2:      layout_rooms, overflow_temple_1_default, uniq_crazy_yiuf_cottage
D:3:      layout_basic, tgw_sif, grunt_dithmenos_smoke_and_mirrors, uniq_natasha
D:4:      layout_basic, portal_sewer_entry_b
D:5:      layout_loops_cross, first_ration
D:6:      layout_basic, makhleb_grotto_becter,
          grunt_temple_overflow_order_and_chaos_1,
          minmay_temple_entry_gardened_gates, gammafunk_ghost_hive, basic_altar
D:7:      layout_cave_pools, gammafunk_ghost_arena, nicolae_ru_path_of_blood
D:8:      layout_rooms, nicolae_overflow_crystal_walls, minmay_lair_entry_grove,
          uniq_erica
D:9:      layout_long_grid
D:10:     layout_loops_ring, serial_glass, glass_columns_a, glass_columns_a,
          glass_columns_b, glass_columns_b, glass_columns_a, glass_columns_c,
          unseen_surprise_small, feat_on_display, item_on_display_a, uniq_joseph
D:11:     layout_loops_ring, david_orc_4, uniq_maggie
D:12:     argonaut_augean_stables, layout_loops_ring
D:13:     layout_roguey, skrybe_vaults_entry_preservation, serial_shops,
          kennysheep_mini, nicolae_shop_behind_doors, shop, shop,
          nicolae_shop_window_shopping, grunt_pizzeria, fountainhead,
          minmay_checkered_concentric_circles
Temple:   regret_index_temple_sphere_string
Lair:1:   layout_gridlike, minivault_27
Lair:2:   layout_chaotic_city, grunt_megastairs_2
Lair:3:   dpeg_oklob_gauntlet, layout_hall_layers,
          portal_ice_cave_entry_ice_beasts, gammafunk_ghost_split, st_stairs_7,
          fungi_pond_lemuel, grunt_megastairs_1
Lair:4:   layout_cave_shapes, elwin_shoals_entry_rocks,
          nicolae_spider_entry_orb_guardian, roderic_batcave,
          chequers_serial_rivers_large_a, lemuel_fruit_fields, uniq_nessos
Lair:5:   layout_long_grid, gauntlet_entry_generic, minmay_lair_oklob_chamber,
          infiniplex_staircase_pool_2
Lair:6:   minmay_lair_end_frog_pond, layout_regular_city,
          dpeg_slime_entry_enclosed_altar, serial_bayou_ford_a,
          columned_hall_lemuel
Shoals:1: layout_shoals, serial_shops, nicolae_shop_trees
Shoals:2: cheibrodos_shoals_roost, layout_shoals, uniq_polyphemus
Shoals:3: layout_shoals, serial_shops, bzr_in_the_mist, uniq_jorgrun,
          uniq_ilsuiw, uniq_bai_suzhen
Shoals:4: shoals_end_hangedman, layout_shoals
Spider:1: layout_spider_delve, drop_trap, uniq_louise
Spider:2: layout_spider_delve, einodemon_crawler_minivault,
          nicolae_spider_cling_halls, hangedman_spider_tarantella_strand
Spider:3: layout_spider_delve, hive_lemuel
Spider:4: grunt_spider_rune_parallel, minmay_another_anthill
Orc:1:    layout_caves, basic_altar, rock_pile
Orc:2:    pubby_orc_utopia, serial_shops, uniq_josephine, uniq_sonja
Elf:1:    elf_arrival_001, layout_onion_city, minmay_elf_annihilation
Elf:2:    layout_geoelf_grid, st_stairs_12, drop_trap, uniq_donald
Elf:3:    elf_hall_gauntlet_wide, layout_onion_city, serial_shops,
          nicolae_shop_trees

Skill      XL: |  1  2  3  4  5  6  7  8  9 10 11 12 13 14 15 16 17 18 |
---------------+-------------------------------------------------------+-----
Fighting       | 2 3 4 6 8 9 11 12 | 12.3
Evocations     | 5 6 7 |  7.5
Staves         | 3 5 6 7 8 10 11 13 | 13.8
Dodging        | 4 7 9 10 12 13 15 16 17 18 | 18.9
Invocations    | 3 5 6 8 9 10 | 10.3
Necromancy     | 1 5 7 |  7.1
Earth Magic    | 1 5 |  5.2
Spellcasting   | 1 5 9 11 12 14 | 14.6
Translocations | 6 7 |  7.1
Short Blades   | |  1.0
Stealth        | |  0.8

Action                   |  1- 3 |  4- 6 |  7- 9 | 10-12 | 13-15 | 16-18 | 19-21 || total
-------------------------+-------+-------+-------+-------+-------+-------+-------++-------
Melee: Short sword       |    96 |       |       |       |       |       |       ||    96
       Tailslap          |    10 |    14 |    22 |   122 |   301 |   379 |    33 ||   881
       Quarterstaff      |       |   157 |   189 |   504 |  1184 |  1414 |   118 ||  3566
Throw: Dart              |       |       |     1 |     4 |     4 |    15 |       ||    24
 Cast: Borgnjor's Vile C |       |       |       |       |    36 |    76 |     1 ||   113
       Lesser Beckoning  |       |       |       |       |       |    68 |    19 ||    87
       Gell's Gravitas   |       |       |       |       |       |    12 |       ||    12
       Blink             |       |       |       |       |       |     3 |       ||     3
       Death Channel     |       |       |       |       |       |       |     2 ||     2
Invok: Bend Time         |       |       |     1 |     1 |     6 |     5 |     4 ||    17
       Temporal Distorti |       |       |       |     2 |     9 |    10 |       ||    21
       Slouch            |       |       |       |       |     6 |     3 |       ||     9
       Step From Time    |       |       |       |       |     1 |     1 |       ||     2
 Abil: Evoke Invisibilit |       |     1 |     1 |     9 |    16 |     4 |       ||    31
       Breathe Steam     |       |       |    13 |    35 |    57 |    38 |     1 ||   144
Evoke: Wand              |    13 |    16 |     2 |    17 |    17 |    21 |     1 ||    87
       Phial of floods   |       |       |       |       |     3 |     4 |       ||     7
       Sack of spiders   |       |       |       |       |     2 |       |       ||     2
  Use: Scroll            |       |     7 |     2 |     3 |    16 |    15 |     1 ||    44
       Potion            |       |     1 |       |     2 |     5 |     7 |     1 ||    16
 Stab: Sleeping          |     1 |       |     2 |     5 |    13 |     4 |       ||    25
       Paralysed         |     3 |       |       |     7 |     3 |       |       ||    13
       Distracted        |       |       |       |     1 |     2 |     2 |       ||     5
       Confused          |       |       |       |     6 |     1 |       |       ||     7
       Invisible         |       |       |       |    17 |    47 |    20 |       ||    84
       Held in net/web   |       |       |       |       |       |     1 |       ||     1
       Petrified         |       |       |       |       |       |     1 |       ||     1
  Eat: Chunk             |     2 |    11 |    12 |    15 |    29 |    28 |     1 ||    98
       Ration            |       |       |       |     1 |     4 |     2 |     1 ||     8
Armor: Skin              |    47 |    50 |    53 |    63 |   137 |   258 |     4 ||   612
Dodge: Dodged            |    67 |   138 |   130 |   537 |  1530 |  2032 |    63 ||  4497
       Deflected         |       |       |       |     2 |       |       |       ||     2
Block: Other             |       |       |       |       |    98 |   236 |     8 ||   342
       Reflection        |       |       |       |       |       |     5 |     3 ||     8

Table legend:
 A = Non-vault XP
 B = Vault XP
 C = Vault XP percentage of total XP
 D = Non-vault monster count
 E = Vault monster count
 F = Vault count percentage of total count
                 A         B        C        D         E       F
            +---------+---------+-------+---------+---------+-------
      Total |  191387 |  213157 |  52.7 |     742 |     562 |  43.1
            +---------+---------+-------+---------+---------+-------
        D:1 |      20 |       0 |   0.0 |      11 |       0 |   0.0
        D:2 |      79 |      41 |  34.2 |      18 |       1 |   5.3
        D:3 |     138 |      35 |  20.2 |      21 |       1 |   4.5
        D:4 |     278 |      21 |   7.0 |      15 |       5 |  25.0
        D:5 |     359 |       0 |   0.0 |      17 |       0 |   0.0
        D:6 |     768 |      39 |   4.8 |      28 |       1 |   3.4
        D:7 |    1033 |       0 |   0.0 |      26 |       0 |   0.0
        D:8 |    1318 |    2741 |  67.5 |      24 |      14 |  36.8
        D:9 |     691 |       0 |   0.0 |      13 |       0 |   0.0
       D:10 |    3730 |     202 |   5.1 |      40 |       1 |   2.4
       D:11 |    1735 |    1113 |  39.1 |      20 |      15 |  42.9
       D:12 |    2597 |    3443 |  57.0 |      14 |      14 |  50.0
       D:13 |    5634 |    8629 |  60.5 |      39 |      16 |  29.1
     Lair:1 |    2714 |       0 |   0.0 |      11 |       0 |   0.0
     Lair:2 |    8324 |    1487 |  15.2 |      32 |       3 |   8.6
     Lair:3 |    1961 |    2753 |  58.4 |       9 |      12 |  57.1
     Lair:4 |    2666 |    1940 |  42.1 |      11 |      10 |  47.6
     Lair:5 |    2724 |    1062 |  28.1 |      11 |       3 |  21.4
     Lair:6 |    6977 |   12870 |  64.8 |      30 |      50 |  62.5
   Shoals:1 |   17608 |       0 |   0.0 |      36 |       0 |   0.0
   Shoals:2 |    6671 |    9140 |  57.8 |      11 |      12 |  52.2
   Shoals:3 |    5680 |   14535 |  71.9 |      11 |      10 |  47.6
   Shoals:4 |    9432 |   18113 |  65.8 |      19 |      30 |  61.2
   Spider:1 |   16174 |    1610 |   9.1 |      47 |       1 |   2.1
   Spider:2 |   15483 |    1895 |  10.9 |      40 |       7 |  14.9
   Spider:3 |   16382 |    3444 |  17.4 |      45 |      17 |  27.4
   Spider:4 |   21891 |   30882 |  58.5 |      59 |      80 |  57.6
      Orc:1 |    3162 |       6 |   0.2 |      27 |       2 |   6.9
      Orc:2 |       0 |   26584 | 100.0 |       0 |     150 | 100.0
      Elf:1 |   18470 |    5950 |  24.4 |      29 |      10 |  25.6
      Elf:2 |   12792 |   24967 |  66.1 |      20 |      31 |  60.8
      Elf:3 |    3896 |   27889 |  87.7 |       8 |      19 |  70.4
      Sewer |       0 |     292 | 100.0 |       0 |      15 | 100.0
      IceCv |       0 |    5419 | 100.0 |       0 |      23 | 100.0
   Gauntlet |       0 |    6055 | 100.0 |       0 |       9 | 100.0
            +---------+---------+-------+---------+---------+-------
